 Dungeon Crawl Stone Soup version 0.31-a0-1160-gf211197 (webtiles) character file.

Game seed: 15993107680090046570

22110 PidgeyThePirate the Stormcaller (level 12, -17/64 HPs)
             Began as a Tengu Air Elementalist on Dec 8, 2023.
             Was a Believer of the Shining One.
             Killed from afar by Jorgrun (31 damage)
             ... with an iron shot
             ... on level 13 of the Dungeon.
             The game lasted 00:47:41 (13573 turns).

PidgeyThePirate the Stormcaller (TeAE)             Turns: 13573, Time: 00:47:45

Health: -17/64     AC: 10    Str: 11    XL:     12   Next: 97%
Magic:  11/39      EV: 13    Int: 18    God:    the Shining One [**....]
Gold:   670        SH:  6    Dex: 13    Spells: 24/37 levels left

rFire   + . .        N - staff of air
rCold   . . .        (no shield)
rNeg    + . .        q - +2 acid dragon scales
rPois   .            (helmet restricted)
rElec   +            (no cloak)
rCorr   +            u - +0 pair of gloves
SInv    .            (boots unavailable)
Will    .....        v - amulet of magic regeneration
Stlth   +            B - ring of magical power
HPRegen 1.10/turn    t - ring of protection from fire
MPRegen 0.66/turn

%: acrobat
@: divinely shielded, grasped by roots, flying, glowing, constricted
A: beak, talons 3, evasive flight, acrobatic, clumsy 1, regeneration 1
a: Renounce Religion, Divine Shield


You were on level 13 of the Dungeon.
You worshipped the Shining One.
The Shining One was pleased with you.
You visited 2 branches of the dungeon, and saw 14 of its levels.
You also visited: Sewer.

You collected 670 gold pieces.

Inventory:

Hand Weapons
 D - a +3 halberd
Missiles
 J - 3 throwing nets
Armour
 h - a +2 ring mail of poison resistance
 i - a +0 buckler
 k - a +1 robe of resistance
 q - +2 acid dragon scales (worn)
 u - a +0 pair of gloves (worn)
Magical Staves
 N - a staff of air (weapon)
Jewellery
 f - a ring of see invisible
 o - the amulet "Tat Joju" {Acrobat Will+ Int+6}
   (You found it on level 5 of the Dungeon)

   [amulet of the acrobat]

   Acrobat:   It increases your evasion while moving and waiting.
   Int+6:     It affects your intelligence (+6).
   Will+:     It increases your willpower.
 t - a ring of protection from fire (right hand)
 v - an amulet of magic regeneration (around neck)
 B - a ring of magical power (left hand)
 H - a ring of ice
 I - an amulet of guardian spirit
 K - a +6 ring of strength
Wands
 e - a wand of mindburst (8)
 E - a wand of charming (19)
 M - a wand of digging (2)
Scrolls
 c - 2 scrolls of amnesia {unknown}
 d - 7 scrolls of identify {unknown}
 j - a scroll of enchant weapon {unknown}
 l - 3 scrolls of noise {unknown}
 m - a scroll of vulnerability {unknown}
 n - a scroll of brand weapon {unknown}
 p - 2 scrolls of enchant armour {unknown}
 s - 5 scrolls of fog {unknown}
 x - a scroll of fear {unknown}
 y - 4 scrolls of teleportation {unknown}
 C - a scroll of poison {unknown}
Potions
 a - a potion of haste {unknown}
 b - 2 potions of mutation
 r - 2 potions of heal wounds
 w - a potion of attraction
 z - 2 potions of degeneration {unknown}
 A - a potion of berserk rage {unknown}
 F - 5 potions of curing
 G - a potion of resistance {unknown}
 L - a potion of enlightenment {unknown}
 O - 2 potions of brilliance {unknown}


   Skills:
 + Level 2.7 Fighting
 + Level 5.2 Polearms
 + Level 4.8 Armour
 + Level 4.2 Dodging
 - Level 3.0 Stealth
 + Level 1.0 Unarmed Combat
 + Level 13.0 Spellcasting
 + Level 5.7 Conjurations
 + Level 16.3 Air Magic
 * Level 3.4 Evocations


You had 24 spell levels left.
You knew the following spells:

 Your Spells              Type           Power      Damage    Failure   Level
a - Shock                 Conj/Air       100%       1d9       1%          1
b - Static Discharge      Conj/Air       100%       3-8/arc   1%          2
c - Airstrike             Air            41%        2d(6-22)  1%          4
d - Confusing Touch       Hex            11%        N/A       26%         3
e - Swiftness             Air            82%        N/A       1%          3

Your spell library contained the following spells:

 Spells                   Type           Power      Damage    Failure   Level
 Foxfire                  Conj/Fire      88%        2x1d8     2%          1
 Dazzling Flash           Conj/Hex       44%        N/A       8%          3
 Hailstorm                Conj/Ice       22%        3d7       8%          3
 Slow                     Hex            44%        N/A       9%          1
 Silence                  Hex/Air        29%        N/A       9%          5
 Ensorcelled Hibernation  Hex/Ice        22%        N/A       13%         2
 Jinxbite                 Hex            22%        N/A       13%         2
 Scorch                   Fire           22%        2d5       13%         2
 Sigil of Binding         Hex            11%        N/A       26%         3
 Vampiric Draining        Necr           11%        2d6       26%         3
 Flame Wave               Conj/Fire      22%        2d8       26%         4
 Plasma Beam              Fire/Air       29%        2x1d41    41%         6
 Anguish                  Hex/Necr       5%         N/A       63%         4
 Summon Ice Beast         Ice/Summ       11%        N/A       63%         4
 Agony                    Necr           11%        N/A       93%         5
 Starburst                Conj/Fire      11%        6d5       99%         6
 Simulacrum               Ice/Necr       5%         N/A       100%        6
 Summon Cactus Giant      Summ           5%         N/A       100%        6


Dungeon Overview and Level Annotations

Branches:
Dungeon (13/15)            Temple (1/1) D:7            Lair (0/5) D:11
    Orc (0/2) D:10          Sewer (visited)
 Vaults: D:13-14

Altars:
Ashenzari
Cheibriados
Dithmenos
Elyvilon
Fedhas
Gozag
Hepliaklqana
Kikubaaqudgha
Makhleb
Nemelex Xobeh
Okawaru
Qazlal
Ru
Sif Muna
Trog
Uskayaw
Vehumet
Wu Jian
Xom
Yredelemnul
Zin
The Shining One

Shops:
D:5 *

Annotations:
D:8 1 runed translucent door, dhlexpress's ghost, novice DECj
D:13 Jorgrun


Innate Abilities, Weirdness & Mutations

You have a beak for a mouth.
You have claws for feet.
Your magical flight helps you evade attacks. (EV +4)
You can magically evade attacks while moving or waiting.
You are clumsy. (Dex -2)
Your natural rate of healing is unusually fast.


Message History

Aiming: Airstrike (safe; 1% risk of failure)
Press: ? - help, Dir - move target, f/p - Jorgrun
Aim: Jorgrun, wielding a +0 heavy quarterstaff and wearing a +0 robe (moderately wounded, empty space bonus: 5/8)
You feel a surge of power!
The air twists around and strikes Jorgrun!
Jorgrun is heavily wounded.
The grasping roots constrict you.
Casting: Airstrike (safe; 1% risk of failure)
Confirm with . or Enter, or press ? or * to list all spells.
Aiming: Airstrike (safe; 1% risk of failure)
Press: ? - help, Dir - move target, f/p - Jorgrun
Aim: Jorgrun, wielding a +0 heavy quarterstaff and wearing a +0 robe (heavily wounded, empty space bonus: 8/8)
You feel a surge of power!
The air twists around and strikes Jorgrun!
Jorgrun is heavily wounded.
The grasping roots constrict you!
Casting: Airstrike (safe; 1% risk of failure)
Confirm with . or Enter, or press ? or * to list all spells.
Aiming: Airstrike (safe; 1% risk of failure)
Press: ? - help, Dir - move target, f/p - Jorgrun
Aim: Jorgrun, wielding a +0 heavy quarterstaff and wearing a +0 robe (heavily wounded, haloed, empty space bonus: 8/8)
You feel a surge of power!
The air twists around and strikes Jorgrun!
Jorgrun is severely wounded.
The grasping roots constrict you.
* * * LOW HITPOINT WARNING * * *
A divine shield forms around you! The grasping roots constrict you!
* * * LOW HITPOINT WARNING * * *
You feel much better.
Jorgrun says, "Yer just na down-ta-earth enough."
Jorgrun hits you with a +0 heavy quarterstaff!
The grasping roots constrict you!
* * * LOW HITPOINT WARNING * * *
Blink to where?
Press: ? - help, Dir - move target, p - Jorgrun The roots grasp on you weakens, but your attempt to escape fails.
As you read the scroll of blinking, it crumbles to dust.
Jorgrun points at you and mumbles some strange words.
The iron shot hits you!!
You die...

#######
.......#####
...(..)'.@.#
.^.....#.g.#
.......#...#
.......#...#
.......#...#
..$....#..(#
.......#...#
#########...#
#...........#...


You could see Jorgrun.

Vanquished Creatures
  Erica (D:8)
  A centaur warrior (D:13)
  4 two-headed ogres
  A boulder beetle (D:11)
  4 skeletal warriors
  Maurice (D:10)
  2 cyclopes
  5 manticores
  Joseph (D:7)
  An elephant (D:11)
  Maggie (D:8)
  A gargoyle (D:12)
  An unseen horror (D:10)
  2 komodo dragons
  A kobold demonologist (D:12)
  2 trolls
  3 shadows
  2 wraiths
  A wyvern (D:11)
  5 slime creatures
  Sigmund (D:6)
  A vampire (D:12)
  12 yaks
  2 basilisks (D:11)
  A vampire mosquito (D:12)
  A warg (D:10)
  Menkaure (D:7)
  5 acid dragons
  2 water moccasins
  Duvessa (D:6)
  2 sky beasts
  8 orc warriors
  A black bear (D:7)
  An ogre (D:5)
  7 centaurs
  3 phantoms
  7 kobold brigands
  A brain worm (Sewer)
  2 bullfrogs (D:7)
  2 gnoll sergeants
  2 scorpions
  8 wights
  Dowan (D:6)
  8 killer bees (D:9)
  5 orc priests
  A gnoll bouda (D:8)
  3 hounds
  3 iguanas
  3 iron imps (D:3)
  Jessica (D:3)
  16 orc wizards
  12 gnolls
  15 adders
  2 river rats (Sewer)
  A shadow imp (D:7)
  3 white imps
  4 ufetubi
  5 worms
  2 dart slugs
  46 orcs
  6 bats
  8 endoplasms
  9 giant cockroaches
  3 goblins
  7 hobgoblins
  5 quokkas
  10 ball pythons
  4 frilled lizards
  22 kobolds
  13 rats
329 creatures vanquished.

Vanquished Creatures (others)
  A gnoll (D:8)
1 creature vanquished.

Grand Total: 330 creatures vanquished

Notes
Turn   | Place    | Note
-------+----------+-------------------------------------------
     0 | D:1      | PidgeyThePirate the Tengu Air Elementalist began the quest
                  | for the Orb.
     0 | D:1      | Reached XP level 1. HP: 10/10 MP: 4/4
   126 | D:1      | Reached XP level 2. HP: 8/15 MP: 1/6
   657 | D:1      | Reached XP level 3. HP: 19/19 MP: 4/7
  1310 | D:2      | You fall into a shaft and drop 2 floors!
  1355 | D:3      | Learned a level 2 spell: Static Discharge
  1471 | D:3      | Found a burning altar of Makhleb.
  1573 | D:3      | Reached skill level 1 in Unarmed Combat
  1687 | D:3      | Gained mutation: Your natural rate of healing is unusually
                  | fast. [potion of mutation]
  1687 | D:3      | Gained mutation: You are clumsy. (Dex -2) [potion of
                  | mutation]
  1690 | D:3      | Reached skill level 1 in Armour
  1690 | D:3      | Reached XP level 4. HP: 5/24 MP: 1/8
  1755 | D:3      | Found a faded altar of an unknown god.
  1936 | D:3      | Noticed Jessica
  1945 | D:3      | Killed Jessica
  1946 | D:3      | Reached skill level 5 in Air Magic
  2115 | D:2      | Reached skill level 1 in Polearms
  2233 | D:2      | Reached XP level 5. HP: 28/28 MP: 7/10
  2468 | D:2      | Identified the +9 falchion of Brawling {holy, rElec Will-
                  | Dex+3 Stlth+}
  3015 | D:3      | Learned a level 4 spell: Airstrike
  3282 | D:3      | Reached XP level 6. HP: 33/33 MP: 0/11
  4216 | D:4      | Reached skill level 1 in Fighting
  4348 | D:5      | Entered Level 5 of the Dungeon
  4353 | D:5      | Reached skill level 6 in Air Magic
  4353 | D:5      | Gained mutation: Your magical flight helps you evade
                  | attacks. (EV +4) [Tengu growth]
  4353 | D:5      | Reached XP level 7. HP: 29/38 MP: 8/13
  4355 | D:5      | Found Cefan's General Store.
  4359 | D:5      | Identified the amulet "Tat Joju" {Acrobat Will+ Int+6}
  4477 | D:5      | Found a glowing drain.
  4489 | Sewer    | Entered a sewer
  5074 | Sewer    | Reached XP level 8. HP: 31/43 MP: 6/15
  5320 | Sewer    | Reached skill level 7 in Air Magic
  6181 | D:5      | Reached skill level 5 in Spellcasting
  6181 | D:5      | Reached skill level 5 in Conjurations
  6235 | D:6      | Noticed Duvessa
  6235 | D:6      | Noticed Dowan
  6264 | D:6      | Noticed Sigmund
  6271 | D:6      | Killed Sigmund
  6272 | D:6      | Reached skill level 8 in Air Magic
  6338 | D:6      | Killed Dowan
  6459 | D:6      | Reached XP level 9. HP: 48/48 MP: 13/18
  6553 | D:6      | Killed Duvessa
  6554 | D:6      | Reached skill level 9 in Air Magic
  6683 | D:6      | Identified the +8 long sword of Evvi {freeze, Str+4}
  6856 | D:6      | Identified the +6 whip of Fedhas, Supporting {venom, rElec
                  | rN++ rCorr Int-2}
  7174 | D:7      | Noticed Joseph
  7180 | D:7      | Killed Joseph
  7181 | D:7      | Reached skill level 10 in Air Magic
  7317 | D:7      | Reached XP level 10. HP: 53/53 MP: 6/22
  7483 | D:7      | Found a staircase to the Ecumenical Temple.
  7724 | Temple   | Entered the Ecumenical Temple
  7737 | Temple   | Became a worshipper of the Shining One
  7849 | D:7      | Noticed Menkaure
  7855 | D:7      | Killed Menkaure
  7858 | D:7      | Identified the +5 dagger "Ijazous" {freeze, *Slow rElec
                  | rF++ Dex+2}
  8039 | D:8      | Reached skill level 11 in Air Magic
  8250 | D:8      | Noticed Maggie
  8282 | D:8      | Killed Maggie
  8554 | D:8      | Noticed Erica
  8559 | D:8      | Killed Erica
  8582 | D:8      | Found a runed translucent door.
  8582 | D:8      | Noticed a red ugly thing
  8582 | D:8      | Noticed dhlexpress's ghost (novice DECj)
  8909 | D:9      | Noticed a two-headed ogre
  8913 | D:9      | Killed a two-headed ogre
  8914 | D:9      | Reached skill level 12 in Air Magic
  8994 | D:9      | Reached skill level 10 in Spellcasting
  9060 | D:9      | Reached XP level 11. HP: 45/58 MP: 20/26
  9091 | D:9      | Reached * piety under the Shining One
  9716 | D:10     | Entered Level 10 of the Dungeon
  9846 | D:10     | Found a staircase to the Orcish Mines.
  9861 | D:10     | Reached skill level 13 in Air Magic
  9983 | D:10     | Noticed Maurice
  9990 | D:10     | Killed Maurice
 10506 | D:11     | Reached skill level 5 in Polearms
 10555 | D:11     | Noticed a manticore
 10734 | D:11     | Killed a manticore
 10970 | D:11     | Found a staircase to the Lair.
 11435 | D:11     | Noticed a cyclops
 11438 | D:11     | Killed a cyclops
 11569 | D:11     | Noticed a boulder beetle
 11575 | D:11     | Killed a boulder beetle
 11576 | D:11     | Reached skill level 14 in Air Magic
 11865 | D:12     | Noticed a skeletal warrior
 11865 | D:12     | Noticed a skeletal warrior
 11865 | D:12     | Noticed a skeletal warrior
 11939 | D:12     | Reached XP level 12. HP: 46/64 MP: 16/28
 11990 | D:12     | Reached ** piety under the Shining One
 12113 | D:12     | Learned a level 3 spell: Confusing Touch
 12117 | D:12     | Learned a level 3 spell: Swiftness
 12514 | D:11     | Reached skill level 15 in Air Magic
 12597 | D:12     | Noticed a two-headed ogre
 12604 | D:12     | Killed a two-headed ogre
 12751 | D:12     | Reached skill level 1 in Evocations
 12840 | D:12     | Noticed a two-headed ogre
 12845 | D:12     | Killed a two-headed ogre
 13394 | D:12     | Reached skill level 16 in Air Magic
 13439 | D:13     | Noticed a two-headed ogre
 13443 | D:13     | Killed a two-headed ogre
 13463 | D:13     | Noticed Jorgrun
 13552 | D:13     | Noticed a centaur warrior
 13558 | D:13     | Killed a centaur warrior
 13573 | D:13     | Killed from afar by Jorgrun

Illustrated notes

Levels and vault maps discovered:
D:1:      matt_arrival_los_fun, layout_basic, serial_glass, glass_columns_a,
          glass_columns_c
D:2:      layout_loops_ring
D:3:      layout_basic, demons_altar, hellmonk_ecumenical_altar_slurped_away,
          hex_tiny, uniq_jessica
D:4:      layout_basic, kennysheep_path_1
D:5:      layout_cave_pools, gup_sewer_entry_pipe, serial_shops, shop,
          kennysheep_generic_room_10
D:6:      layout_rooms, kennysheep_generic_room_6, uniq_sigmund, uniq_duvessa
D:7:      minmay_recursive_quarters, layout_rooms, temple_green, uniq_menkaure,
          uniq_joseph
D:8:      layout_loops_cross, ebering_ghost_inner_flame, uniq_erica, uniq_maggie
D:9:      layout_basic
D:10:     layout_roguey, david_orc_3, uniq_maurice
D:11:     layout_layer_cave, david_lair_generic
D:12:     kennysheep_bubbly, layout_long_grid, minmay_misc_feat_doors
D:13:     layout_gridville, uniq_jorgrun
Temple:   grunt_wide_crystal_templ

Skill      XL: |  1  2  3  4  5  6  7  8  9 10 11 12 |
---------------+-------------------------------------+-----
Conjurations   | 2 3 4 5 |  5.7
Unarmed Combat | 1 |  1.0
Armour         | 1 2 3 4 |  4.8
Air Magic      | 5 6 8 10 12 14 16 | 16.3
Polearms       | 1 2 3 4 5 |  5.2
Spellcasting   | 3 4 5 7 10 11 13 | 13.0
Fighting       | 1 2 |  2.7
Dodging        | 3 4 |  4.2
Stealth        | 3 |  3.0
Evocations     | 3 |  3.4

Action                     |  1- 3 |  4- 6 |  7- 9 | 10-12 || total
---------------------------+-------+-------+-------+-------++-------
  Melee: Unarmed           |    23 |       |       |       ||    23
         Kick              |     8 |    16 |    17 |    36 ||    77
         Peck              |     6 |    11 |     6 |    17 ||    40
         Trident           |     5 |    69 |    39 |       ||   113
         Punch             |       |     2 |     1 |       ||     3
         Halberd           |       |       |     7 |    98 ||   105
         Staff             |       |       |       |     6 ||     6
   Cast: Shock             |    59 |       |       |       ||    59
         Static Discharge  |     4 |    33 |    63 |    18 ||   118
         Airstrike         |       |     6 |    67 |   292 ||   365
         Swiftness         |       |       |       |     1 ||     1
 Invoke: Divine Shield     |       |       |       |     1 ||     1
    Use: Potion            |     1 |     2 |     2 |     7 ||    12
         Scroll            |       |       |     2 |     2 ||     4
   Stab: Sleeping          |       |     1 |     1 |       ||     2
 Armour: Robe              |     6 |       |       |       ||     6
         Leather armour    |    15 |    73 |   135 |    36 ||   259
         Acid dragon scale |       |       |       |   103 ||   103
  Dodge: Dodged            |    33 |    87 |   130 |   174 ||   424

Table legend: (Time is in decaauts)
 A = Elapsed time spent in this place.
 B = Non-inter-level travel time spent in this place.
 C = Inter-level travel time spent in this place.
 D = Time resting spent in this place.
 E = Time spent auto-exploring this place.
 F = Levels seen in this place.
 G = Mean time per level.
                   A        B        C        D        E       F      G
               +--------+--------+--------+--------+--------+-----+--------+
         Total |  13672 |  12650 |   1022 |      0 |   9668 |  15 |  911.5 |
       Dungeon |  12484 |  11486 |    998 |      0 |   8746 |  13 |  960.3 |
        Temple |     26 |      2 |     24 |      0 |      0 |   1 |   26.0 |
         Sewer |   1162 |   1162 |      0 |      0 |    922 |   1 | 1162.0 |
               +--------+--------+--------+--------+--------+-----+--------+

Top non-repeatable levels by time:
    D:11: 1522 daAuts
     D:3: 1485 daAuts
    D:12: 1415 daAuts
     D:1: 1272 daAuts
   Sewer: 1162 daAuts
     D:2: 898 daAuts
     D:9: 869 daAuts
     D:6: 864 daAuts
     D:8: 855 daAuts
     D:5: 851 daAuts
    D:10: 850 daAuts
     D:7: 802 daAuts
     D:4: 709 daAuts
    D:13: 87 daAuts
  Temple: 26 daAuts
